 Dungeon Crawl Stone Soup version 0.20.0-10-g0535bb4 (webtiles) character file.

49 miragecloak the Changer (level 3, -4/23 HPs)
             Began as an Octopode Transmuter on June 5, 2017.
             Slain by an orc
             ... wielding a +3 flail of protection
              (9 damage)
             ... on level 3 of the Dungeon.
             The game lasted 00:01:29 (1508 turns).

miragecloak the Changer (Octopode Transmuter)       Turns: 1508, Time: 00:01:30

Health: -4/23      AC:  2    Str:  9    XL:     3   Next: 75%
Magic:  4/6        EV: 20    Int: 15    God:
Gold:   60         SH:  0    Dex: 18    Spells: 2/6 levels left

rFire    . . .     SeeInvis .     - Unarmed
rCold    . . .     Gourm    .   (shield currently unavailable)
rNeg     . . .     Faith    .   (helmet currently unavailable)
rPois    x         Spirit   .   (no amulet)
rElec    .         Reflect  .   (no ring)
rCorr    .         Harm     .   (no ring)
MR       .....                  (no ring)
Stlth    +.........             (no ring)
Regen    0.1/turn               (no ring)
MPRegen  0.1/turn               (no ring)
                                (no ring)
                                (no ring)

@: confused, spider-form (expiring)
A: almost no armour, stealthy swim, (amphibious), 8 rings, (constrict 8)
a: End Transformation


You were on level 3 of the Dungeon.
You were very hungry.
You were a venomous arachnid creature.
You visited 1 branch of the dungeon, and saw 3 of its levels.

You collected 60 gold pieces.

Inventory:

Missiles
 a - 33 arrows
Scrolls
 d - a scroll of recharging {unknown}
 e - a scroll of identify {unknown}
Potions
 f - a potion of mutation {unknown}
Books
 b - a book of Changes

   Spells                             Type                      Level
   a - Beastly Appendage              Transmutation                1
   b - Sticks to Snakes               Transmutation                2
   c - Spider Form                    Transmutation/Poison         3
   d - Ice Form                       Ice/Transmutation            4
   e - Blade Hands                    Transmutation                5
Comestibles
 c - a bread ration
 g - 2 royal jellies


   Skills:
 - Level 1.0 Fighting
 - Level 2.0 Dodging
 - Level 3.0 Unarmed Combat
 - Level 2.0 Spellcasting
 + Level 3.5 Transmutations
 * Level 1.7 Poison Magic


You had 2 spell levels left.
You knew the following spells:

 Your Spells              Type           Power        Failure   Level  Hunger
a - Beastly Appendage     Tmut           ##....       16%         1    #......
b - Spider Form           Tmut/Pois      #.........   43%         3    ###....


Dungeon Overview and Level Annotations

Branches:
Dungeon (3/15)

Altars:

Annotations:
D:3 Sigmund, Terence


Innate Abilities, Weirdness & Mutations

You cannot wear most types of armour.
You are very stealthy in the water. (Stealth+)
((You are amphibious.))
You can wear up to eight rings at the same time.
((You can use your tentacles to constrict eight enemies at once.))
((Your skin changes colour to match your surroundings (Stealth+).))
((Your rubbery body absorbs attacks. (AC +1, EV +1)))


Message History

The orc wizard is heavily wounded.
The orc wizard closely misses you.
You bump into the rock wall.
Your transformation is almost over.
Sigmund misses you. The orc wizard casts a spell at you.
You resist with significant effort. The orc wizard barely misses you.
You bump into the rock wall.
Sigmund points at you and mumbles some strange words.
You are more confused.
The orc wizard hits you with a dagger.
* * * LOW HITPOINT WARNING * * *
An orc comes into view. It is wielding a whip.
You're too confused!
You bump into the rock wall.
Sigmund misses you. The orc wizard completely misses you.
You're too confused!
You're too confused to move!
The orc completely misses you.
The orc hits you with a flail of protection!
You die...

##+#### #.....
..... #.o###
######....
#..oooo##########
#s@...........
####..........
#..<.......
#..........
#..........
#.....h....
#..@.......
####..h....
......r


You could see Sigmund, 2 orc wizards and 3 orcs.

Vanquished Creatures
  An adder (D:2)
  A dart slug (D:1)
  3 giant cockroaches
  5 goblins (D:1)
  4 hobgoblins (D:1)
  4 jackals (D:1)
  7 bats (D:1)
  3 frilled lizards (D:1)
  3 kobolds (D:1)
  5 rats (D:1)
36 creatures vanquished.

Notes
Turn   | Place    | Note
-------+----------+-------------------------------------------
     0 | D:1      | miragecloak the Octopode Transmuter began the quest for the Orb.
     0 | D:1      | Reached XP level 1. HP: 13/13 MP: 3/3
   609 | D:1      | Reached XP level 2. HP: 18/18 MP: 3/5
  1167 | D:1      | Reached XP level 3. HP: 23/23 MP: 4/6
  1172 | D:1      | Learned a level 3 spell: Spider Form
  1249 | D:1      | Reached skill level 1 in Poison Magic
  1427 | D:2      | Noticed Sigmund
  1486 | D:3      | Noticed Terence
  1508 | D:3      | Slain by an orc

Skill      XL: |  1  2  3 |
---------------+----------+-----
Transmutations | 3 |  3.5
Poison Magic   | 1 |  1.7
Fighting       | |  1.0
Dodging        | |  2.0
Unarmed Combat | |  3.0
Spellcasting   | |  2.0

Action                   || total
-------------------------++-------
Melee: Unarmed           ||    78
       Constrict         ||    20
       Kick              ||     9
       Tentacles         ||     6
       Punch             ||     2
 Cast: Beastly Appendage ||    10
       Spider Form       ||     5
 Stab: Sleeping          ||     3
  Eat: Chunk             ||     2
Armor: Skin              ||     9
Dodge: Dodged            ||    67
